 Dungeon Crawl Stone Soup version 0.32-a0-732-ga344392067 (webtiles) character file.

Game seed: 11799749141047932564

640216 Konar the Portalist (level 27, -1/192 HPs)
             Began as a Coglin Hunter on Mar 16, 2024.
             Was the Champion of Hepliaklqana.
             Slain by a deathcap (16 damage)
             ... summoned by a curse toe
             ... on level 4 of the Realm of Zot.
             The game lasted 01:37:35 (65734 turns).

Konar the Portalist (Coglin Hunter)                Turns: 65734, Time: 01:37:35

Health: -1/192     AC:  6    Str: 12    XL:     27
Magic:  45/45      EV: 24    Int: 14    God:    Hepliaklqana [******]
Gold:   3916       SH:  0    Dex: 28    Spells: 43/63 levels left

rFire   + . .        l - +9 hand cannon (flame) {Nhalahla}
rCold   + . .        Z - +3 hand cannon (chaos) {Ximena}
rNeg    . . .        p - +1 robe of Vines {NoPotionHeal Regen++++}
rPois   .            a - -2 helmet of the Gusle {Slay+3 SInv}
rElec   .            O - scarf {rC+ rF+}
rCorr   .            I - +0 pair of gloves of the gadgeteer {Gadgeteer Wandboost ^Fragile}
SInv    +            u - +2 pair of boots
Will    ++++.        (amulet unavailable)
Stlth   +            (ring unavailable)
HPRegen 3.72/turn    (ring unavailable)
MPRegen 0.29/turn    E - retroscope Ver.7 {Gadgeteer, Will+ Slay+3}

%: no passive effects
@: confused, about to teleport, constricted, studying 6 skills, revved
A: reduced essence, off-hand wielding, slow wielding, warmup strikes, no
jewellery, clever 1, strong-willed 1, sense surroundings 1, MP-powered wands
}: 5/15 runes: decaying, serpentine, slimy, silver, abyssal
a: Renounce Religion, Recall Ancestor, Ancestor Identity, Transference, Idealise


You were on level 4 of the Realm of Zot.
You worshipped Hepliaklqana.
Hepliaklqana was exalted by your worship.
You visited 11 branches of the dungeon, and saw 52 of its levels.
You visited the Abyss 1 time.
You visited 1 bazaar.
You also visited: Bailey and Volcano.

You collected 8148 gold pieces.
You spent 4232 gold pieces at shops.

Inventory:

Hand Weapons
 l - a +9 hand cannon of flaming (weapon) {Nhalahla}
 Z - a +3 hand cannon of chaos (offhand) {Ximena}
Armour
 a - the -2 helmet of the Gusle (worn) {Slay+3 SInv}
   (You found it on level 3 of the Elven Halls)

   Slay+3:    It affects your accuracy & damage with ranged weapons and melee
   (+3).
   SInv:      It lets you see invisible.
 c - a +2 cloak of willpower
 d - the +2 robe "Viykics" {^Drain rC+ rCorr Dex+4}
   (You took it off Boris on level 3 of the Elven Halls)

   Dex+4:     It affects your dexterity (+4).
   rC+:       It protects you from cold.
   rCorr:     It protects you from acid and corrosion.
   ^Drain:    It drains your maximum health when unequipped.
 k - the +6 gold dragon scales of Suhemaemo {Harm rPois rF+ rC+}
   (You found it on level 3 of the Elven Halls)

   rF+:       It protects you from fire.
   rC+:       It protects you from cold.
   rPois:     It protects you from poison.
   Harm:      It increases damage dealt and taken.
 p - the +1 robe of Vines (worn) {NoPotionHeal Regen++++}
   (You found it on level 5 of the Pits of Slime)

   NoPotionHeal: Its wearer cannot be healed by potions.
   Regen++++: It increases your rate of health regeneration.
 u - a +2 pair of boots (worn)
 y - the +2 hat "Hyocehom" {rPois Int+3 SInv}
   (You acquired it in a bazaar)

   Int+3:     It affects your intelligence (+3).
   rPois:     It protects you from poison.
   SInv:      It lets you see invisible.
 G - a +2 robe of fire resistance
 I - the +0 pair of gloves of the gadgeteer (worn) {Gadgeteer Wandboost ^Fragile}
   (You bought it in a shop in a bazaar)

   Gadgeteer: Your evocable items recharge 30% faster and wands have a 30%
   chance to not spend a charge.
   Wandboost: Your wands are more powerful.
   ^Fragile:  It will be destroyed if unequipped.
 O - a scarf of resistance (worn)
 W - the +0 helmet of the Raven {rCorr Int+5 SInv}
   (You found it on level 3 of the Swamp)

   Int+5:     It affects your intelligence (+5).
   SInv:      It lets you see invisible.
   rCorr:     It protects you from acid and corrosion.
 Y - a +1 robe of willpower
Gizmo
 E - a retroscope Ver.7 (installed) {Gadgeteer, Will+ Slay+3}
   (You invented it yourself in a volcano)

   [retroscope Ver.7]

   Gadgeteer: Your evocable items recharge 30% faster and wands have a 30%
   chance to not spend a charge.
   Slay+3:    It affects your accuracy & damage with ranged weapons and melee
   (+3).
   Will+:     It increases your willpower.
Talismans
 v - a beast talisman
Wands
 q - a wand of roots (39)
 w - a wand of quicksilver (43)
 x - a wand of paralysis (74)
 z - a wand of polymorph (10)
 V - a wand of digging (19)
Scrolls
 e - 15 scrolls of immolation
 j - 11 scrolls of teleportation
 n - 10 scrolls of fog
 A - 7 scrolls of enchant armour
 B - 8 scrolls of fear
 C - 3 scrolls of blinking
 D - a scroll of poison
 J - 4 scrolls of silence
 P - 4 scrolls of revelation
 R - 9 scrolls of noise
 S - 5 scrolls of vulnerability
 X - 2 scrolls of butterflies
Potions
 b - 11 potions of cancellation
 f - 7 potions of mutation
 g - 3 potions of lignification
 i - 2 potions of ambrosia
 m - 12 potions of brilliance
 o - 10 potions of heal wounds
 t - 12 potions of attraction
 F - 5 potions of haste
 H - 2 potions of invisibility
 K - 7 potions of berserk rage
 L - 7 potions of curing
 M - 8 potions of magic
 N - 7 potions of enlightenment
 U - 3 potions of resistance
Miscellaneous
 h - a condenser vane
 r - a phantom mirror
 s - a phial of floods
 Q - a lightning rod (4/4)
 T - a sack of spiders


   Skills:
 - Level 17.1 Fighting
 - Level 18.0 Ranged Weapons
 - Level 21.3 Dodging
 - Level 0.7 Stealth
 * Level 18.7 Spellcasting
 * Level 21.9 Translocations
 + Level 16.3 Invocations
 - Level 8.5 Evocations
 - Level 7.0 Shapeshifting


You had 43 spell levels left.
You knew the following spells:

 Your Spells              Type           Power      Damage    Failure   Level
a - Blink                 Tloc           100%       N/A       0%          2
b - Dispersal             Tloc           32%        N/A       1%          6
c - Disjunction           Tloc           32%        N/A       3%          8
d - Dimensional Bullseye  Hex/Tloc       21%        N/A       1%          4

Your spell library contained the following spells:

 Spells                   Type           Power      Damage    Failure   Level
 Apportation              Tloc           100%       N/A       0%          1
 Lesser Beckoning         Tloc           100%       N/A       0%          2
 Gell's Gravitas          Tloc           65%        N/A       0%          3
 Teleport Other           Tloc           65%        N/A       0%          3
 Manifold Assault         Tloc           65%        N/A       0%          4
 Passage of Golubria      Tloc           65%        N/A       0%          4
 Momentum Strike          Conj/Tloc      86%        3d10      1%          2
 Volatile Blastmotes      Fire/Tloc      86%        2d17      1%          3
 Foxfire                  Conj/Fire      52%        2x1d6     4%          1
 Freeze                   Ice            52%        1d6       4%          1
 Magic Dart               Conj           52%        1d5       4%          1
 Necrotise                Necr           52%        1d6       4%          1
 Shock                    Conj/Air       52%        1d6       4%          1
 Slow                     Hex            52%        N/A       4%          1
 Sting                    Conj/Alch      52%        1d6       4%          1
 Call Imp                 Summ           26%        N/A       6%          2
 Cigotuvi's Dreadful Rot  Necr/Alch/Air  26%        N/A       6%          2
 Ensorcelled Hibernation  Hex/Ice        26%        N/A       6%          2
 Jinxbite                 Hex            26%        N/A       6%          2
 Mercury Vapours          Alch/Air       26%        N/A       6%          2
 Sublimation of Blood     Necr           13%        N/A       6%          2
 Confusing Touch          Hex            13%        N/A       13%         3
 Frozen Ramparts          Ice            26%        1d4       13%         3
 Fugue of the Fallen      Necr           13%        N/A       13%         3
 Hailstorm                Conj/Ice       13%        3d6       13%         3
 Passwall                 Erth           13%        N/A       13%         3
 Stone Arrow              Conj/Erth      26%        3d8       13%         3
 Tukima's Dance           Hex            13%        N/A       13%         3
 Vampiric Draining        Necr           13%        2d6       13%         3
 Anguish                  Hex/Necr       6%         N/A       38%         4
 Animate Armour           Summ/Erth      26%        N/A       38%         4
 Animate Dead             Necr           13%        N/A       38%         4
 Cause Fear               Hex            6%         N/A       38%         4
 Ignite Poison            Fire/Alch      13%        N/A       38%         4
 Martyr's Knell           Necr/Summ      13%        N/A       38%         4
 Olgreb's Toxic Radiance  Alch           13%        N/A       38%         4
 Sticky Flame             Fire/Alch      13%        2d5       38%         4
 Malign Gateway           Summ/Tloc      21%        N/A       38%         7
 Alistair's Intoxication  Alch           8%         N/A       75%         5
 Arcjolt                  Conj/Air       6%         1d16      75%         5
 Borgnjor's Vile Clutch   Necr/Erth      6%         N/A       75%         5
 Curse of Agony           Necr           13%        N/A       75%         5
 Freezing Cloud           Conj/Ice/Air   6%         6-21      75%         5
 Lee's Rapid Deconstruct  Erth           6%         3d6*      75%         5
 Silence                  Hex/Air        6%         N/A       75%         5
 Bombard                  Conj/Erth      6%         9d2       100%        6
 Death Channel            Necr           6%         N/A       100%        6
 Plasma Beam              Fire/Air       6%         2x1d17    100%        6
 Sculpt Simulacrum        Ice/Alch       6%         N/A       100%        6
 Starburst                Conj/Fire      6%         6d4       100%        6
 Enfeeble                 Hex            6%         N/A       100%        7
 Ozocubu's Refrigeration  Ice            6%         4d8       100%        7
 Spellforged Servitor     Conj/Summ      6%         N/A       100%        7
 Summon Hydra             Summ           6%         N/A       100%        7
 Ignition                 Fire           6%         3d4       100%        8
 Lehudib's Crystal Spear  Conj/Erth      6%         10d3      100%        8
 Summon Horrible Things   Summ           6%         N/A       100%        8
 Chain Lightning          Conj/Air       6%         3d8       100%        9
 Fire Storm               Conj/Fire      6%         8d2       100%        9
 Polar Vortex             Ice            6%         N/A       100%        9
 Shatter                  Erth           6%         3d9*      100%        9


Dungeon Overview and Level Annotations

Branches:
Dungeon (15/15)            Temple (1/1) D:4            Lair (5/5) D:9
  Swamp (4/4) Lair:2        Snake (4/4) Lair:3        Slime (5/5) Lair:4
    Orc (2/2) D:12            Elf (3/3) Orc:2        Vaults (5/5) D:13
  Crypt (0/3) Vaults:2     Depths (4/4) D:15            Zot (4/5) Depths:4
 Bailey (visited)         Volcano (visited)

Altars:
Ashenzari
Cheibriados
Dithmenos
Elyvilon
Fedhas
Gozag
Hepliaklqana
Kikubaaqudgha
Makhleb
Nemelex Xobeh
Okawaru
Qazlal
Ru
Sif Muna
Trog
Uskayaw
Vehumet
Wu Jian
Xom
Yredelemnul
Zin
The Shining One
Beogh
Jiyva

Shops:
Orc:2 ==[!   Elf:1 ::(   Elf:2 !   Elf:3 :==   Vaults:2 !   Vaults:3 *

Portals:
Hell: Depths:1 Depths:2 Depths:3 Depths:4
Abyss: Depths:3
Pandemonium: Depths:2
Ziggurat: Depths:2

Annotations:
D:9 3 runed translucent doors, Cris's ghost, novice DsCj
Swamp:4 3 runed translucent doors, Zenkrye's ghost, adept HOFi


Innate Abilities, Weirdness & Mutations

Your life essence is reduced to manifest your ancestor. (-10% HP)
You can wield a second weapon in your off-hand.
It takes a long time for you to wield or remove held weapons.
Your first few attacks do less damage.
You cannot equip rings or amulets.
Your mind is acute. (Int +4, Str/Dex -1)
You are strong-willed. (Will+)
You passively map a small area around you.
You expend magic power (3 MP) to strengthen your wands.


Message History

The wandering mushroom completely misses you.
The deathcap releases spores at you!
You are engulfed in a cloud of dizzying spores!
You are confused.
You are too injured to fight recklessly!
You're too confused to move!
The tentacled monstrosity misses you.
The tentacled monstrosity closely misses you.
The tentacled monstrosity barely misses you.
The tentacled monstrosity constricts you!
The black draconian closely misses you.
The wandering mushroom releases spores at you!
* * * LOW HITPOINT WARNING * * *
You are engulfed in a cloud of dizzying spores!
The deathcap barely misses you.
The wandering mushroom barely misses you.
The deathcap barely misses you.
You clumsily bash the tentacled monstrosity but do no damage.
The tentacled monstrosity is severely wounded.
You barely miss the tentacled monstrosity with your +3 hand cannon of chaos.
The tentacled monstrosity completely misses you.
The tentacled monstrosity barely misses you.
The tentacled monstrosity completely misses you.
The tentacled monstrosity constricts you!
* * * LOW HITPOINT WARNING * * *
The black draconian barely misses you. The deathcap releases spores at you!!
* * * LOW HITPOINT WARNING * * *
You are engulfed in a cloud of dizzying spores!
You are more confused.
The wandering mushroom closely misses you.
The wandering mushroom releases spores at you!
* * * LOW HITPOINT WARNING * * *
You are engulfed in a cloud of dizzying spores!
You are more confused.
The deathcap releases spores at you.
* * * LOW HITPOINT WARNING * * *
You are engulfed in a cloud of dizzying spores!
You are more confused.
The deathcap draws from the surrounding life force!
You die...
Hepliaklqana delivers you to your ancestors.

* *,,,,,,,,* #..##..# *,****, *
*,,,,,,,,* #...#..# *,,*,,, *
*,,,,,,,,* #......# *,,..~~ *
*,,,,,,,,* #......# *...~~# *
*,,,,,,,,* #......# *...~##
****,,,,,.,,** ##.....## *#...~~#
,**,,,,,,..)○*##.ff....#*#.....~~
,*,,,,,,,..))f#fff...).##.....~~#
,,,,*,,,,,,*#zqX@##..........~~##
,,,**,,,,,,*##df######)...#..~###
,,***,,,,,,* #f.* ##..##..~~##
,,* *,,,,,,* #..* #.###...~~# ,**
*,,,,,,* ##.* ##.###....~~ ,**
*,,,,,,* #.** #..##....~~#
,,***,,,,,,* *#.,** ##..##....~##
,,**,,,,,,,***....###...##....~~#
,,**,,,,,,,,**,,.........#.)#..~~


You could see a tentacled monstrosity, a black draconian, a curse toe, a yellow
draconian annihilator, 3 deathcaps and 5 wandering mushrooms.

Vanquished Creatures
  A dread lich (Abyss:3)
  An orb of fire (Zot:1)
  A juggernaut (Depths:2)
  Vv (Zot:3)
  Saint Roka (Depths:1)
  Bai Suzhen (Swamp:3)
  A shard shrike (Slime:5)
  A curse toe (Zot:1)
  3 caustic shrikes (Depths:3)
  5 golden dragons
  Zenata (Elf:3)
  A Hell Sentinel (Abyss:3)
  7 tentacled monstrosities
  4 liches
  A walking earthen tome (Depths:3)
  14 acid blobs
  2 deep elf master archers (Elf:3)
  5 sphinxes
  3 deep elf blademasters
  2 titans (Vaults:5)
  A quicksilver dragon (Zot:1)
  An acid blob (shapeshifter) (Zot:2)
  4 death cobs
  2 tentacled starspawn (Abyss:3)
  3 Executioners
  Frances (D:12)
  3 thorn hunters
  Agnes (Snake:3)
  5 shadow dragons
  Roxanne (Swamp:4)
  Aizul (Snake:3)
  7 storm dragons
  4 fire giants
  2 tengu reavers
  A protean progenitor (Zot:2)
  A fenstrider witch (shapeshifter) (Zot:2)
  4 nagarajas
  9 rockslimes
  9 frost giants
  5 draconian scorchers
  5 deep elf sorcerers
  4 draconian knights
  5 azure jellies
  13 vault wardens
  3 balrugs (Zot:1)
  2 ghost moths
  4 deep elf elementalists (Elf:3)
  2 draconian shifters
  4 spriggan defenders
  2 draconian annihilators
  A cacodemon (Abyss:3)
  A caustic shrike skeleton (Depths:1)
  2 angels (Abyss:3)
  4 formless jellyfish
  17 very ugly things
  A draconian stormcaller (Zot:2)
  6 quicksilver oozes
  2 green draconians (Zot:3)
  18 stone giants
  3 deep elf demonologists
  15 ironbound preservers
  5 ironbound thunderhulks
  4 vampire knights
  3 deep elf death magi
  4 eleionomae
  A lorocyproca (Abyss:2)
  4 yellow draconians
  3 deep elf annihilators
  3 black draconians
  4 bunyips
  4 dire elephants (Vaults:2)
  7 spark wasps
  3 purple draconians
  3 white draconians
  4 red draconians
  A merfolk javelineer (Depths:3)
  4 blizzard demons
  A shambling mangrove (Swamp:4)
  10 ettins
  A crystal guardian (Vaults:4)
  6 fire dragons
  13 yaktaur captains
  Josephine (Orc:2)
  4 entropy weavers
  7 great orbs of eyes
  16 hydras
  7 deep elf high priests
  5 rakshasas
  A peacekeeper (Vaults:4)
  A caustic shrike simulacrum (Depths:3)
  4 salamander tyrants (Snake:4)
  6 spriggan air magi
  A catoblepas (Lair:5)
  20 vault guards
  7 ironbound frosthearts
  8 boulder beetles
  11 alligators
  6 ice dragons
  3 ghost crabs
  10 centaur warriors
  A death knight (Vaults:2)
  19 dancing weapons
  4 ogre magi
  A sphinx zombie (Depths:1)
  7 two-headed ogres
  5 deep troll shamans
  11 anacondas
  3 tengu warriors
  2 vampire magi (Depths:3)
  10 shock serpents
  11 deep troll earth magi
  3 occultists
  9 spriggan berserkers
  6 orc high priests
  10 naga sharpshooters
  14 naga warriors
  2 holy swine (Abyss:3)
  19 deep elf knights
  2 thrashing horrors (Abyss:3)
  A hell knight (Abyss:3)
  6 wretched stars (Abyss:3)
  3 skysharks
  A spectral spark wasp (Depths:4)
  A fire crab (Lair:4)
  5 goliath frogs
  A spark wasp zombie (Depths:1)
  3 salamander mystics
  2 sixfirhies (Abyss:3)
  40 deep trolls
  2 glowing orange brains (Depths:3)
  2 flayed ghosts
  6 naga ritualists
  11 mana vipers
  2 spriggan druids
  A glowing orange brain (shapeshifter) (Vaults:5)
  5 swamp dragons
  4 arcanists
  2 thermic dynamos
  A lindwurm (shapeshifter) (Depths:2)
  7 deep elf archers
  10 orc knights
  7 bog bodies
  4 phantasmal warriors
  10 ironbound convokers
  9 starcursed masses (Abyss:3)
  A bunyip skeleton (Abyss:3)
  19 deep elf pyromancers
  An orange crystal statue (Vaults:4)
  5 necromancers
  15 deep elf zephyrmancers
  12 lindwurms
  4 cyclopes
  A glowing shapeshifter (Zot:2)
  3 wolf spiders
  2 will-o-the-wisps
  12 salamanders
  26 ugly things
  5 orc sorcerers
  2 frost giant zombies (Depths:1)
  3 manticores
  An oklob plant (Lair:2)
  A faun (shapeshifter) (Depths:2)
  8 shining eyes
  A worldbinder (Abyss:3)
  32 black mambas
  12 large abominations (Abyss:3)
  11 moths of wrath
  3 kobold blastminers (Orc:2)
  4 guardian serpents
  4 toenail golems (Volcano)
  13 vault sentinels
  4 elephants (Lair:5)
  10 naga magi
  An eye of devastation (Slime:4)
  4 smoke demons
  An apocalypse crab (Abyss:3)
  5 orange demons
  3 rime drakes
  18 cane toads
  Jeremiah (D:6)
  33 yaktaurs
  3 kobold demonologists (D:11)
  2 efreet (D:13)
  2 freezing wraiths (D:15)
  4 tengu conjurers
  2 komodo dragons
  5 trolls
  2 ancient zymes (Abyss:3)
  A harpy zombie (Abyss:2)
  A polar bear (Lair:5)
  A polar bear (shapeshifter) (D:14)
  4 bloated husks (Swamp:2)
  4 tyrant leeches
  12 hornets
  2 hellwings
  6 raiju (Abyss:3)
  Prince Ribbit (Bailey)
  2 dream sheep (Lair:3)
  A raiju (shapeshifter) (Abyss:3)
  18 blink frogs
  6 glass eyes
  2 spriggan zombies (Depths:1)
  92 slime creatures
  7 ynoxinuls (Abyss:3)
  A jumping spider (shapeshifter) (Vaults:3)
  10 spriggans
  8 water elementals
  A jumping spider (Lair:4)
  3 wraiths
  6 wyverns
  An air elemental (Elf:1)
  6 humans
  18 yaks
  3 fire elementals (Elf:1)
  11 golden eyes
  2 basilisks
  A neqoxec (Abyss:3)
  2 wargs
  4 redbacks
  2 chaos spawn (Abyss:3)
  13 vampire mosquitoes
  39 nagas
  8 swamp worms
  8 small abominations (Abyss:3)
  An acid dragon (D:8)
  11 water moccasins
  10 swamp drakes
  22 orc warriors
  5 sky beasts
  3 laughing skulls
  6 ogres
  13 centaurs
  9 wolves
  8 boggarts
  A phantom (D:5)
  2 kobold brigands
  3 weeping skulls (Abyss:3)
  3 earth elementals (Elf:1)
  A scorpion (Lair:1)
  21 bullfrogs
  4 gnoll sergeants
  3 wights (D:9)
  5 killer bees
  3 howler monkeys
  2 electric eels (Lair:5)
  A bombardier beetle (D:3)
  A crimson imp (D:5)
  7 lava snakes
  2 hounds
  5 jellies
  A gnoll bouda (D:8)
  18 orc priests
  5 iguanas
  A sleepcap (D:5)
  7 hell rats
  18 orc wizards
  13 gnolls
  6 adders
  2 shadow imps
  6 white imps
  2 ufetubi (Abyss:3)
  4 dart slugs
  3 ribbon worms
  83 orcs
  11 bats
  8 endoplasms
  6 giant cockroaches
  10 goblins
  12 hobgoblins
  9 jackals
  2 quokkas
  10 ball pythons
  5 frilled lizards
  30 kobolds
  11 rats
  2 aspiring fleshes (Zot:2)
  2 starspawn tentacles (Abyss:3)
1773 creatures vanquished.

Vanquished Creatures (collateral kills)
  the Royal Jelly (Slime:5)
  Frederick (Depths:4)
  An ancient lich (Vaults:5)
  Mara (Vaults:3)
  Boris (Elf:3)
  A caustic shrike (Depths:3)
  Margery (Vaults:3)
  2 curse toes (Zot:3)
  3 golden dragons
  Nikola (Elf:3)
  Norris (Depths:2)
  An electric golem (Zot:2)
  A walking crystal tome (Depths:2)
  A Hell Sentinel (Abyss:3)
  6 tentacled monstrosities
  3 sphinxes
  A lich (Vaults:5)
  13 acid blobs
  3 tentacled starspawn (Abyss:3)
  A searing wretch (Vaults:3)
  A caustic shrike (shapeshifter) (Zot:2)
  A death cob (Zot:2)
  2 storm dragons
  4 tengu reavers
  A shadow dragon (Vaults:5)
  3 protean progenitors
  9 rockslimes
  2 daevas (Abyss:3)
  2 draconian monks
  2 azure jellies
  A frost giant (Depths:2)
  A nagaraja (Snake:4)
  3 fire giants
  A draconian shifter (Zot:3)
  3 iron dragons (Vaults:5)
  A deep elf elementalist (Elf:3)
  A deep elf sorcerer (Elf:3)
  5 vault wardens
  2 balrugs (Zot:1)
  3 draconian scorchers
  3 draconian annihilators
  A draconian stormcaller (Zot:4)
  A spriggan defender (Depths:4)
  An orc warlord (Vaults:3)
  8 ironbound preservers
  5 quicksilver oozes
  A cacodemon (Abyss:3)
  2 formless jellyfish
  11 very ugly things
  3 stone giants
  A deep elf demonologist (Elf:3)
  2 ironbound thunderhulks (Vaults:1)
  2 vampire knights
  A yellow draconian (Zot:2)
  3 deep elf annihilators
  5 deep elf death magi
  3 purple draconians
  A dire elephant (Depths:4)
  A war gargoyle (Depths:4)
  2 bunyips
  A white draconian (Zot:4)
  7 ettins
  4 blizzard demons (Zot:1)
  An entropy weaver (Vaults:3)
  2 shambling mangroves
  A deep elf high priest (Elf:1)
  4 yaktaur captains
  A crystal guardian (Vaults:4)
  2 great orbs of eyes
  12 vault guards
  A rakshasa (Depths:2)
  A peacekeeper (Vaults:4)
  A hell beast (Depths:4)
  7 hydras
  A catoblepas (Lair:2)
  3 spriggan air magi
  7 anacondas
  2 ice dragons
  4 alligators
  A centaur warrior (D:14)
  A two-headed ogre (shapeshifter) (Vaults:5)
  3 boulder beetles
  2 deep troll shamans (Depths:1)
  14 dancing weapons
  2 deep troll earth magi
  3 tengu warriors
  6 naga warriors
  2 spriggan berserkers (Swamp:4)
  2 naga sharpshooters
  3 orc high priests (Elf:1)
  3 shock serpents
  2 thrashing horrors (Abyss:3)
  A shock serpent (shapeshifter) (Vaults:5)
  Sonja (Lair:5)
  9 deep elf knights
  2 hell knights (Vaults:3)
  4 salamander mystics (Snake:4)
  2 skysharks
  An iron troll (Depths:3)
  Amaemon (Lair:2)
  A goliath frog (Lair:5)
  2 mana vipers (Snake:4)
  3 arcanists
  A glowing orange brain (Depths:2)
  A naga ritualist (Snake:4)
  A bog body (Swamp:3)
  4 deep elf archers
  A spriggan druid (Swamp:2)
  14 deep trolls
  A phantasmal warrior (Vaults:5)
  4 swamp dragons (Swamp:4)
  2 golden dragon skeletons (Depths:3)
  6 lindwurms
  2 necromancers (Depths:1)
  4 orc knights
  2 starcursed masses (Abyss:3)
  4 thermic dynamos
  2 ironbound convokers
  12 deep elf pyromancers
  5 deep elf zephyrmancers
  15 ugly things
  A stone giant zombie (Depths:1)
  A tengu skeleton (Depths:1)
  3 orc sorcerers
  2 cyclopes
  2 manticores
  7 salamanders
  2 will-o-the-wisps
  2 shining eyes
  A meliai (shapeshifter) (D:13)
  A moth of wrath (Zot:4)
  15 black mambas
  A frost giant skeleton (Depths:3)
  A toenail golem (Volcano)
  4 guardian serpents (Snake:4)
  A water nymph (Zot:2)
  5 elephants (Lair:5)
  2 naga magi (Snake:4)
  5 vault sentinels
  An apocalypse crab (Abyss:3)
  2 orange demons
  An eye of devastation (Slime:5)
  2 smoke demons
  A gargoyle (D:12)
  5 large abominations (Abyss:3)
  9 cane toads
  A rime drake (Lair:2)
  An unseen horror (shapeshifter) (D:15)
  A freezing wraith (Vaults:3)
  2 kobold demonologists (D:11)
  12 yaktaurs
  3 unseen horrors
  5 komodo dragons
  A tormentor (Abyss:3)
  2 trolls
  3 tyrant leeches
  5 blink frogs
  5 hornets
  A snapping turtle (shapeshifter) (Vaults:5)
  2 glass eyes
  5 raiju (Abyss:3)
  2 dream sheep (Lair:3)
  35 slime creatures
  4 shadows
  2 air elementals (Elf:1)
  2 wraiths (Orc:2)
  A ynoxinul (D:11)
  2 spriggans
  3 humans
  6 yaks
  A basilisk (D:12)
  3 water elementals
  A redback (Lair:4)
  A neqoxec (Abyss:3)
  3 steam dragons
  A golden eye (Slime:3)
  7 vampire mosquitoes
  A chaos spawn (D:11)
  2 swamp worms (Swamp:4)
  A small abomination (Abyss:3)
  6 nagas
  A hell hound (Abyss:3)
  2 ice beasts
  3 swamp drakes
  9 orc warriors
  A black bear (D:7)
  3 ogres
  5 boggarts
  6 wolves
  4 centaurs
  A kobold brigand (D:10)
  A weeping skull (Abyss:3)
  A brain worm (Abyss:3)
  8 bullfrogs
  A scorpion (D:5)
  2 wights (D:9)
  5 killer bees
  An electric eel (D:8)
  A howler monkey (D:12)
  A quasit (Abyss:3)
  4 orc priests
  6 orc wizards
  2 hell rats
  5 gnolls
  An adder (D:6)
  A shadow imp (D:6)
  17 orcs
  A goblin (Bailey)
  8 kobolds
  A quokka (D:5)
  5 aspiring fleshes
  A spectral weapon (Swamp:4)
681 creatures vanquished.

Vanquished Creatures (others)
  A deep elf pyromancer (Elf:1)
  A tengu conjurer (Depths:2)
  2 bloated husks (Swamp:2)
  A hornet (Swamp:2)
  A slime creature zombie (Slime:5)
  A boggart (Vaults:1)
  47 battlemagi
  4 foxfires (Swamp:3)
  4 starspawn tentacles (Abyss:3)
62 creatures vanquished.

Grand Total: 2516 creatures vanquished

Notes
Turn   | Place    | Note
-------+----------+-------------------------------------------
     0 | D:1      | Konar the Coglin Hunter began the quest for the Orb.
     0 | D:1      | Reached XP level 1. HP: 16/16 MP: 1/1
   132 | D:1      | Reached XP level 2. HP: 22/22 MP: 2/2
   259 | D:1      | Reached XP level 3. HP: 27/27 MP: 3/3
   883 | D:2      | Found a faded altar of an unknown god.
   927 | D:2      | Reached skill level 5 in Ranged Weapons
   927 | D:2      | Reached XP level 4. HP: 11/33 MP: 4/4
  1719 | D:3      | Reached XP level 5. HP: 38/38 MP: 5/5
  2674 | D:4      | Noticed a sky beast
  2680 | D:3      | Reached XP level 6. HP: 38/44 MP: 6/6
  2775 | D:4      | Killed a sky beast
  2854 | D:4      | Found a staircase to the Ecumenical Temple.
  2863 | Temple   | Entered the Ecumenical Temple
  2882 | Temple   | Became a worshipper of Hepliaklqana the Forgotten
  3477 | D:5      | Entered Level 5 of the Dungeon
  3579 | D:5      | Found a shadowy altar of Dithmenos.
  3610 | D:5      | Reached skill level 1 in Evocations
  3610 | D:5      | Reached XP level 7. HP: 50/50 MP: 7/7
  3644 | D:5      | Reached * piety under Hepliaklqana
  4009 | D:5      | Found a burning altar of Makhleb.
  4170 | D:5      | Reached ** piety under Hepliaklqana
  4171 | D:5      | Remembered your ancestor Arma as a battlemage
  4199 | D:5      | Found a shimmering altar of Xom.
  4740 | D:6      | Reached skill level 5 in Evocations
  4742 | D:6      | Reached XP level 8. HP: 50/50 MP: 8/8
  5083 | D:6      | Noticed Jeremiah
  5094 | D:6      | Killed Jeremiah
  5493 | D:6      | Reached *** piety under Hepliaklqana
  5799 | D:7      | Found an opulent altar of Gozag.
  5819 | D:7      | Reached skill level 1 in Shapeshifting
  5823 | D:7      | Reached XP level 9. HP: 54/54 MP: 9/9
  6999 | D:8      | Reached **** piety under Hepliaklqana
  7104 | D:8      | Reached skill level 5 in Shapeshifting
  7329 | D:8      | Found a broken altar of Ashenzari.
  7340 | D:8      | Found a stormy altar of Qazlal.
  7453 | D:8      | Found a sparkling altar of Nemelex Xobeh.
  7623 | D:9      | Reached XP level 10. HP: 60/60 MP: 10/10
  7766 | D:9      | Found a runed translucent gate.
  7766 | D:9      | Found a runed translucent gate.
  7766 | D:9      | Found a runed translucent gate.
  7767 | D:9      | Noticed Cris's ghost (novice DsCj)
  7768 | D:9      | Found a viscous altar of Jiyva.
  7854 | D:9      | Reached skill level 10 in Ranged Weapons
  7865 | D:9      | Found a staircase to the Lair.
  8319 | D:9      | Found a shimmering blue altar of Sif Muna.
  9175 | D:10     | Entered Level 10 of the Dungeon
  9217 | D:10     | Reached ***** piety under Hepliaklqana
  9424 | D:10     | Found a flagged portal.
  9439 | Bailey   | Entered a bailey
  9467 | Bailey   | Reached skill level 1 in Invocations
  9652 | Bailey   | Reached XP level 11. HP: 56/64 MP: 12/12
  9692 | Bailey   | Noticed Prince Ribbit
  9692 | Bailey   | Noticed a vault guard
  9695 | Bailey   | Killed Prince Ribbit
  9698 | Bailey   | Killed a vault guard
  9756 | Bailey   | Noticed a vault guard
  9763 | Bailey   | Killed a vault guard
 10381 | D:10     | Reached skill level 5 in Invocations
 10531 | D:11     | Noticed a cyclops
 10536 | D:11     | Killed a cyclops
 11058 | D:11     | Noticed a two-headed ogre
 11058 | D:11     | Noticed a manticore
 11064 | D:11     | Killed a two-headed ogre
 11065 | D:11     | Reached XP level 12. HP: 57/70 MP: 17/17
 11130 | D:11     | Noticed a two-headed ogre
 11135 | D:11     | Killed a two-headed ogre
 11242 | D:11     | Noticed a two-headed ogre
 11248 | D:11     | Killed a two-headed ogre
 11472 | D:11     | Noticed a boulder beetle
 11482 | D:11     | Killed a boulder beetle
 12327 | D:12     | Noticed Frances
 12335 | D:12     | Killed Frances
 12647 | D:12     | Found a staircase to the Orcish Mines.
 12841 | Lair:1   | Entered Level 1 of the Lair of Beasts
 12973 | Lair:1   | Reached skill level 10 in Invocations
 12988 | Lair:1   | Reached XP level 13. HP: 42/74 MP: 17/20
 13897 | Lair:2   | Found a staircase to the Swamp.
 13991 | Lair:2   | Noticed Amaemon
 13998 | Lair:2   | Killed Amaemon
 14028 | Lair:2   | Reached skill level 5 in Dodging
 14856 | Lair:3   | Reached skill level 5 in Fighting
 14936 | Lair:3   | Found a staircase to the Snake Pit.
 15576 | Lair:4   | Found a dark tunnel.
 15588 | Volcano  | Entered a volcano
 15625 | Volcano  | Reached XP level 14. HP: 77/90 MP: 21/21
 15631 | Volcano  | Acquired a retroscope Ver.7 {Gadgeteer, Will+ Slay+3}
 16025 | Lair:4   | Found a staircase to the Slime Pits.
 16044 | Lair:4   | Found a viscous altar of Jiyva.
 16472 | Lair:4   | Found a runed translucent door.
 16482 | Lair:4   | Identified the +0 hat of the Lost Places {Int+2}
 16482 | Lair:4   | Found a runed translucent gate.
 16482 | Lair:4   | Found a runed translucent gate.
 16485 | Lair:4   | Found a runed translucent gate.
 16485 | Lair:4   | Found a runed translucent gate.
 16485 | Lair:4   | Found a runed translucent gate.
 16667 | Lair:4   | Found a runed translucent gate.
 16708 | Lair:5   | Entered Level 5 of the Lair of Beasts
 16759 | Lair:5   | Noticed Sonja
 16764 | Lair:5   | Killed Sonja
 16779 | Lair:5   | Reached skill level 10 in Dodging
 17140 | Lair:5   | Reached XP level 15. HP: 58/101 MP: 22/22
 18066 | Lair:4   | Identified a scroll of acquirement
 18066 | Lair:4   | Acquired a manual of Ranged Weapons
 18540 | Orc:1    | Entered Level 1 of the Orcish Mines
 18783 | Orc:1    | Found a roughly hewn altar of Beogh.
 19134 | Orc:2    | Entered Level 2 of the Orcish Mines
 19286 | Orc:2    | Reached skill level 10 in Fighting
 19490 | Orc:2    | Found a staircase to the Elven Halls.
 19648 | Orc:2    | Found Ussazewn's Jewellery Boutique.
 19648 | Orc:2    | Found Naothr Rigun's Distillery.
 19650 | Orc:2    | Found Kuvveige's Jewellery Boutique.
 19650 | Orc:2    | Found Qonolav's Armour Emporium.
 19741 | Orc:2    | Noticed Josephine
 19745 | Orc:2    | Killed Josephine
 20010 | Orc:2    | Bought a potion of enlightenment for 80 gold pieces
 20010 | Orc:2    | Bought a potion of cancellation for 128 gold pieces
 20919 | D:13     | Found a gate to the Vaults.
 21588 | D:14     | Reached XP level 16. HP: 97/112 MP: 23/23
 22482 | D:15     | Entered Level 15 of the Dungeon
 23137 | D:15     | Reached skill level 15 in Dodging
 23369 | D:15     | Found a staircase to the Depths.
 24269 | Swamp:1  | Entered Level 1 of the Swamp
 24441 | Swamp:1  | Paralysed by a hornet for 2 turns
 25699 | Swamp:2  | Reached XP level 17. HP: 122/122 MP: 24/24
 26615 | Swamp:3  | Identified the +0 helmet of the Raven {rCorr Int+5 SInv}
 26693 | Swamp:3  | Noticed Bai Suzhen
 27196 | Swamp:4  | Entered Level 4 of the Swamp
 27237 | Swamp:4  | Noticed Roxanne
 27260 | Swamp:4  | Killed Roxanne
 27491 | Swamp:4  | Found a runed translucent gate.
 27491 | Swamp:4  | Found a runed translucent gate.
 27491 | Swamp:4  | Found a runed translucent gate.
 27492 | Swamp:4  | Noticed Zenkrye's ghost (adept HOFi)
 28306 | Swamp:4  | Got a decaying rune of Zot
 29035 | Swamp:3  | Killed Bai Suzhen
 29036 | Swamp:3  | Reached XP level 18. HP: 132/132 MP: 20/25
 29116 | Snake:1  | Entered Level 1 of the Snake Pit
 29117 | Snake:1  | Identified the +1 scimitar of Zin's Pride {protect, Int+3}
 29921 | Snake:2  | Identified the +3 chain mail of Mewkam Ymne {Harm Will+}
 30315 | Snake:2  | Reached skill level 15 in Fighting
 31637 | Snake:3  | Noticed Agnes
 31641 | Snake:3  | Killed Agnes
 31693 | Snake:3  | Identified the serpent talisman of Lesser Demons {rN++ MP+9
                  | Slay+3}
 31693 | Snake:3  | Noticed Aizul
 31706 | Snake:3  | Killed Aizul
 32318 | Snake:4  | Entered Level 4 of the Snake Pit
 32448 | Snake:4  | Reached XP level 19. HP: 33/141 MP: 26/26
 34547 | Snake:4  | HP: 4/143 [poisoned by a guardian serpent (bolt of poison)]
 35340 | Snake:4  | Got a serpentine rune of Zot
 35715 | Elf:1    | Entered Level 1 of the Elven Halls
 35936 | Elf:1    | Found Wusmyuh's Antique Weapon Shoppe.
 35939 | Elf:1    | Found Junted's Book Emporium.
 35941 | Elf:1    | Found Xeoni's Book Shoppe.
 35950 | Elf:1    | Bought a twisted arbalest for 275 gold pieces
 35950 | Elf:1    | Identified the +9 arbalest of Honour {freeze, ^Contam
                  | Dex+5} (You bought it in a shop on level 1 of the Elven
                  | Halls)
 36054 | Elf:1    | Found a flickering gateway to a bazaar.
 36077 | Bazaar   | Entered a bazaar
 36077 | Bazaar   | Found Zica's Armour Shoppe.
 36077 | Bazaar   | Found Cygg's Magic Scroll Shoppe.
 36077 | Bazaar   | Found Qaegit's Magic Scroll Emporium.
 36095 | Bazaar   | Bought a scroll of acquirement for 728 gold pieces
 36107 | Bazaar   | Bought the +0 pair of gloves of the gadgeteer {Gadgeteer
                  | Wandboost ^Fragile} for 640 gold pieces
 36107 | Bazaar   | Found the +0 pair of gloves of the gadgeteer {Gadgeteer
                  | Wandboost ^Fragile}
 36111 | Bazaar   | Acquired the +2 hat "Hyocehom" {rPois Int+3 SInv}
 36415 | Elf:1    | Bought a book of the Warp for 546 gold pieces
 36415 | Elf:1    | Bought a manual of Fighting for 1040 gold pieces
 36418 | Elf:1    | Learned a level 2 spell: Blink
 36425 | Elf:1    | Learned a level 6 spell: Dispersal
 36434 | Elf:1    | Learned a level 8 spell: Disjunction
 36670 | Elf:1    | Reached XP level 20. HP: 151/151 MP: 27/27
 36871 | Elf:1    | Reached skill level 15 in Ranged Weapons
 37176 | Elf:2    | Found Ydugro's Distillery.
 38137 | Elf:2    | Found a huge runed translucent gate.
 38137 | Elf:2    | Found a huge runed translucent gate.
 38137 | Elf:2    | Found a huge runed translucent gate.
 38137 | Elf:2    | Found a huge runed translucent gate.
 38140 | Elf:2    | Found a huge runed translucent gate.
 38577 | Elf:2    | Reached skill level 1 in Translocations
 38592 | Elf:2    | Reached skill level 1 in Spellcasting
 38716 | Elf:3    | Entered Level 3 of the Elven Halls
 38736 | Elf:3    | Identified the +2 pair of gloves "Jeumot" {rPois Str+3}
 38736 | Elf:3    | Noticed Nikola
 38986 | Vaults:1 | Entered Level 1 of the Vaults
 39115 | Vaults:1 | Identified the +1 dagger "Siepp" {vamp, Stlth+}
 39408 | Vaults:1 | Reached ****** piety under Hepliaklqana
 39715 | Vaults:1 | Acquired a +1 hand cannon of flaming
 39729 | Vaults:1 | Gained mutation: You have hidden genetic defects.
                  | [mutagenic glow]
 39904 | Vaults:1 | Reached skill level 5 in Translocations
 40145 | Vaults:1 | Reached XP level 21. HP: 153/156 MP: 28/28
 40315 | Vaults:1 | Lost mutation: You have hidden genetic defects. [potion of
                  | mutation]
 40315 | Vaults:1 | Gained mutation: You have hidden genetic defects. [potion
                  | of mutation]
 40315 | Vaults:1 | Gained mutation: Your magical capacity is low. (-10% MP)
                  | [potion of mutation]
 40315 | Vaults:1 | Gained mutation: You are strong-willed. (Will+) [potion of
                  | mutation]
 40316 | Vaults:1 | Lost mutation: Your magical capacity is low. (-10% MP)
                  | [potion of mutation]
 40316 | Vaults:1 | Lost mutation: You have hidden genetic defects. [potion of
                  | mutation]
 40316 | Vaults:1 | Gained mutation: Your mind is acute. (Int +4, Str/Dex -1)
                  | [potion of mutation]
 40316 | Vaults:1 | Gained mutation: You passively map a small area around you.
                  | [potion of mutation]
 40316 | Vaults:1 | Gained mutation: You expend magic power (3 MP) to
                  | strengthen your wands. [potion of mutation]
 40671 | Vaults:2 | Found a staircase to the Crypt.
 40751 | Vaults:2 | Reached skill level 5 in Spellcasting
 40899 | Vaults:2 | Found Joawn's Distillery.
 40905 | Vaults:2 | Bought 2 potions of heal wounds for 200 gold pieces
 40905 | Vaults:2 | Bought a potion of heal wounds for 100 gold pieces
 40905 | Vaults:2 | Bought a potion of resistance for 200 gold pieces
 40905 | Vaults:2 | Bought a potion of cancellation for 160 gold pieces
 41575 | Vaults:2 | Paralysed by a formless jellyfish for 1 turns
 42011 | Vaults:3 | Found Oblah's General Store.
 42017 | Vaults:3 | Bought a scroll of enchant weapon for 135 gold pieces
 42155 | Vaults:3 | Noticed Margery
 42163 | Vaults:3 | Killed Margery
 43063 | Vaults:3 | Reached XP level 22. HP: 162/162 MP: 34/34
 43264 | Vaults:3 | Reached skill level 10 in Translocations
 43266 | Vaults:3 | Noticed Mara
 43271 | Vaults:3 | Killed Mara
 43462 | Vaults:3 | Identified the +8 whip of Dissolution {heavy, Dex+6}
 45012 | Vaults:4 | Identified the +7 mace of Gunwoco {protect, *Noise Fly
                  | Will+ Dex+3}
 45216 | Vaults:4 | Paralysed by a formless jellyfish for 1 turns
 45802 | Vaults:4 | Identified the +2 robe "Afrats" {+Blink Str+8 Slay-6
                  | Stlth+}
 46234 | Depths:1 | Entered Level 1 of the Depths
 46256 | Depths:1 | Reached skill level 10 in Spellcasting
 47028 | Depths:1 | Found a gateway to Hell.
 47245 | Depths:1 | Found a hazy altar of Hepliaklqana.
 47458 | Depths:1 | Noticed Saint Roka
 47468 | Depths:1 | Killed Saint Roka
 47708 | Depths:2 | Noticed Norris
 47769 | Depths:2 | Reached XP level 23. HP: 168/168 MP: 31/37
 48164 | Depths:2 | Noticed a golden dragon
 48167 | Depths:2 | Killed a golden dragon
 48212 | Depths:2 | Found a one-way gateway to a ziggurat.
 48229 | Depths:2 | Noticed a juggernaut
 48467 | Depths:2 | Killed Norris
 48629 | Depths:2 | Killed a juggernaut
 49505 | Depths:2 | Found a one-way gate leading to the halls of Pandemonium.
 49665 | Depths:3 | Found a one-way gate to the infinite horrors of the Abyss.
 49762 | Depths:3 | Identified the +7 shortbow of Offence {freeze, Int+3}
 50216 | Depths:3 | Identified the +5 hand axe of Salt {flame, Int-2 Dex+5
                  | SInv}
 50221 | Depths:3 | Noticed a caustic shrike
 50221 | Depths:3 | Noticed a caustic shrike
 50221 | Depths:3 | Noticed a caustic shrike
 50221 | Depths:3 | Noticed a caustic shrike
 50221 | Depths:3 | Noticed a golden dragon
 50225 | Depths:3 | Killed a golden dragon
 50226 | Depths:3 | Killed a caustic shrike
 50238 | Depths:3 | Killed a caustic shrike
 50239 | Depths:3 | Reached XP level 24. HP: 62/175 MP: 37/39
 50249 | Depths:3 | Killed a caustic shrike
 50250 | Depths:3 | Reached skill level 15 in Translocations
 50502 | Depths:3 | Killed a caustic shrike
 50882 | Depths:4 | Entered Level 4 of the Depths
 51322 | Depths:4 | Identified the orb of the Orcish Mines {light, Necro Tloc}
 51322 | Depths:4 | Noticed Frederick
 51330 | Depths:4 | Killed Frederick
 52235 | Depths:4 | Found a gate to the Realm of Zot.
 52598 | Elf:3    | Found a radiant altar of Vehumet.
 53071 | Elf:3    | Identified the +2 robe "Viykics" {^Drain rC+ rCorr Dex+4}
 53071 | Elf:3    | Noticed Boris
 53077 | Elf:3    | Killed Boris
 53176 | Elf:3    | Noticed Zenata
 53182 | Elf:3    | Killed Zenata
 53244 | Elf:3    | Found Keneumer's Jewellery Shop.
 53249 | Elf:3    | Killed Nikola
 53252 | Elf:3    | Found Erhoica's Book Shoppe.
 53253 | Elf:3    | Found Rotsutwo's Jewellery Shop.
 53750 | Elf:3    | Found a roughly hewn altar of Beogh.
 53956 | Elf:3    | Reached XP level 25. HP: 180/180 MP: 41/41
 53990 | Elf:3    | Identified the ring "Reyda" {Fire rPois MP+9 Dex+3 Stlth+}
 54199 | Elf:3    | Identified the +6 falchion "Muzo" {antimagic, rPois Will-
                  | rCorr Int+4}
 54205 | Elf:3    | Identified the staffcold "Wuilla" {rC+ Str+2 Int+3 Ice}
 54218 | Elf:3    | Identified the +10 arbalest of the Hungering Rat {flame,
                  | rF+ rN+ Str+2}
 54227 | Elf:3    | Identified the -2 helmet of the Gusle {Slay+3 SInv}
 54248 | Elf:3    | Identified the +7 lajatang of Crusades {venom, rElec rN+
                  | Int-4 SInv}
 54252 | Elf:3    | Identified the +6 gold dragon scales of Suhemaemo {Harm
                  | rPois rF+ rC+}
 54679 | Slime:1  | Entered Level 1 of the Pits of Slime
 54683 | Slime:1  | Paralysed by a formless jellyfish for 1 turns
 55023 | Lair:4   | Paralysed by a formless jellyfish for 1 turns
 56577 | Slime:3  | Reached skill level 15 in Spellcasting
 58002 | Slime:5  | Entered Level 5 of the Pits of Slime
 58642 | Slime:5  | Noticed the Royal Jelly
 58654 | Slime:5  | Killed the Royal Jelly
 58933 | Slime:5  | a rockslime changed into a shard shrike
 58933 | Slime:5  | Noticed a shard shrike
 58938 | Slime:5  | Killed a shard shrike
 59442 | Slime:5  | Found the +1 robe of Vines {NoPotionHeal Regen++++}
 59477 | Slime:5  | Identified the +1 leather armour of Truth {Will+ rCorr
                  | Int+4 Slay-2}
 59503 | Slime:5  | Got a slimy rune of Zot
 59519 | Slime:5  | Acquired a manual of Long Blades
 59524 | Slime:5  | Got Toent's Directory of the Crater and Rime
 59534 | Slime:5  | Got the Octavo of the Welkin
 59537 | Slime:5  | Identified the +2 great sword "Ceno" {drain, Str+4 Dex+3}
 59576 | Slime:5  | Identified the amulet "Dacsutuf" {Faith Str+5 Dex+3}
 59913 | Depths:3 | Voluntarily entered the Abyss.
 59952 | Abyss:1  | Found a hazy altar of Hepliaklqana.
 59974 | Abyss:2  | Found a corrupted altar of Lugonu.
 59985 | Abyss:3  | Found a corrupted altar of Lugonu.
 59990 | Abyss:3  | Found a corrupted altar of Lugonu.
 60312 | Abyss:3  | Reached XP level 26. HP: 171/172 MP: 42/42
 60511 | Abyss:3  | Noticed a dread lich
 60518 | Abyss:3  | Killed a dread lich
 60552 | Abyss:3  | Found a corrupted altar of Lugonu.
 60668 | Abyss:3  | Reached skill level 15 in Invocations
 60709 | Abyss:3  | Found a shimmering altar of Xom.
 60718 | Abyss:3  | Got an abyssal rune of Zot
 60766 | Depths:3 | Escaped the Abyss
 61080 | Vaults:5 | Entered Level 5 of the Vaults
 61297 | Vaults:5 | Identified the +8 quarterstaff of Uncertain Death {flame,
                  | rElec rF- Str+7 Stlth+}
 61309 | Vaults:5 | Identified the ring of Sif Muna's Grace {rF+ rC++ rN+}
 61868 | Vaults:5 | Identified the +5 shortbow of Vuvaep {drain, rPois SInv}
 62054 | Vaults:5 | Got the Volume of the Impact
 62127 | Vaults:5 | Got the Codex of Malediction and Movement
 62129 | Vaults:5 | Got the Collected Works on Vapourous Hexes
 62165 | Vaults:5 | Noticed an ancient lich
 62171 | Vaults:5 | Killed an ancient lich
 62252 | Vaults:5 | Got a silver rune of Zot
 62427 | Vaults:5 | Reached XP level 27. HP: 143/192 MP: 44/44
 62430 | Vaults:5 | Identified the +0 plate armour of the Moon {+Blink}
 62441 | Vaults:5 | Learned a level 4 spell: Dimensional Bullseye
 62980 | Zot:1    | Entered Level 1 of the Realm of Zot
 63231 | Zot:1    | Noticed an orb of fire
 63238 | Zot:1    | Killed an orb of fire
 64317 | Zot:2    | Noticed a juggernaut
 64320 | Zot:2    | a juggernaut changed into an alligator snapping turtle
 65033 | Zot:3    | Identified the +5 chain mail of Shielding {Regen+ Str+3
                  | Int+2}
 65125 | Zot:3    | Noticed Vv
 65142 | Zot:3    | Killed Vv
 65734 | Zot:4    | Slain by a deathcap

Illustrated notes

Levels and vault maps discovered:
D:1:      lemuel_arrival_rhombus, layout_loops_ring, minmay_tetromino_l2
D:2:      minmay_alternating_diamond, layout_basic,
          hellmonk_ecumenical_altar_blasted, guppyfry_early_lair_pool
D:3:      minmay_razor_zed, layout_basic
D:4:      layout_loops_ring, minmay_temple_entry_glass
D:5:      layout_layer_cave, nicolae_dithmenos_the_darkroom,
          grunt_temple_overflow_champion_of_chaos,
          chequers_serial_rivers_room_a, minmay_misc_feat_four_crosses
D:6:      layout_basic, hangedman_abyss_or_decor_stagger, uniq_jeremiah
D:7:      layout_basic, mainiacjoe_overflow_concentric_impassable
D:8:      layout_rooms, nemelex_altar_shiori, nicolae_overflow_squiral
D:9:      kennysheep_kobold_camp, layout_grid_maze,
          nicolae_sif_muna_little_library, david_lair_shrubbed,
          gammafunk_ghost_ooze
D:10:     layout_roguey, enter_bailey_5
D:11:     layout_cross, serial_demonic, serial_demonic_g, serial_demonic_g,
          serial_demonic_a, serial_demonic_g, minmay_joined_circles
D:12:     layout_basic, kennysheep_orc_monster_closet_entryway,
          nicolae_hexahallways, lemuel_flamethrower_2, uniq_frances
D:13:     layout_loops_ring, skrybe_vaults_entry_preservation
D:14:     layout_rooms, minmay_misc_feat_tower
D:15:     hellmonk_depths_entry_around_the_bend, layout_basic, abandoned_shop
Temple:   nicolae_temple_superstar
Lair:1:   layout_cave_shapes
Lair:2:   layout_chaotic_city, minmay_swamp_entry_reptiles, grunt_megastairs_5,
          uniq_amaemon
Lair:3:   layout_cave_shapes, guppyfry_snake_entry_garden
Lair:4:   gammafunk_indiana_jones, layout_big_grid,
          nicolae_slime_entry_field_trip, nicolae_volcano_entry_vermiform,
          grunt_megastairs_2
Lair:5:   minmay_lair_end_frog_pond, layout_misc_corridors,
          nicolae_lair_liquid_snakes, uniq_sonja
Swamp:1:  layout_falls_marsh, nicolae_swamp_fairy_circle
Swamp:2:  layout_basic_swamp, hangedman_swamp_cone, swamp_pool_5,
          statue_in_the_mist_lemuel, roderic_carrion_pond
Swamp:3:  layout_basic_swamp, nicolae_swamp_well_well_well, uniq_bai_suzhen
Swamp:4:  swamp_basic_johnstein, layout_basic_swamp, gammafunk_ghost_hydra_chop,
          swamp_pool_4, uniq_roxanne
Snake:1:  layout_rooms
Snake:2:  layout_onion
Snake:3:  layout_rooms, grunt_ministairs_1, nicolae_triple_integral, uniq_aizul,
          uniq_agnes
Snake:4:  snake_pit_salamanders_mu, layout_onion
Slime:1:  layout_caves
Slime:2:  layout_caves
Slime:3:  layout_caves, nicolae_slime_barrier
Slime:4:  layout_caves
Slime:5:  slime_pit_nicolae_royal_road_to_ruin
Orc:1:    layout_caves, mines2_david
Orc:2:    grunt_orc_tribal_feast, layout_caves, uniq_josephine
Elf:1:    nicolae_elf_arrival_no_cutting_in_line, layout_gridlike, serial_shops,
          bzr_entry_water, evilmike_minifort, minmay_curled_crystal,
          minmay_shop_star
Elf:2:    elven_hall_of_blades_hangedman_alternative
          [nicolae_blade_entry_floor_patterns], layout_loops_cross,
          serial_shops, shop
Elf:3:    minmay_elf_hall_statues, layout_gridlike, nicolae_elf_theology_debate,
          minmay_shop_grove, uniq_nikola, uniq_zenata, uniq_boris
Vaults:1: vaults_room_grunt_arrival_ludios, nicolae_vaults_network_square,
          vaults_room_hallway, vaults_standard_mumra_enter_the_diamond,
          nicolae_vaults_wrenched, nicolae_vaults_library_corner,
          nicolae_vaults_weapon_check, grunt_vaults_hallway_short,
          layout_vaults_omnigrid
Vaults:2: v_misc_19, nicolae_vaults_little_squares_3, nicolae_vaults_tangram_1,
          nicolae_vaults_spaceships, hangedman_vaults_locks,
          nicolae_vaults_storage_closets_3, hangedman_vaults_cutoff,
          nicolae_vaults_security_offices_6, ontoclasm_vaults_eye,
          minmay_crypt_entry_simple_box, nicolae_vaults_closet_pinwheel_4,
          layout_vaults_omnicross, serial_shops, shop
Vaults:3: nicolae_vaults_arrows, vaults_standard_mumra_enter_the_diamond,
          nicolae_vaults_diamond_1, nicolae_vaults_network_periphery,
          v_alt_pattern_3, nicolae_vaults_disjoint_gnomons, v_misc_28,
          nicolae_vaults_tetromino_L_2, v_misc_13, st_quartered_hall,
          nicolae_vaults_back_hallway, v_misc_27, nicolae_vaults_little_ls,
          nicolae_vaults_rhombus_7, nicolae_vaults_little_squares_1,
          nicolae_vaults_storage_room_water, layout_vaults_maze_bifur,
          serial_shops, nicolae_shop_waterfront, uniq_margery, uniq_mara
Vaults:4: vaults_room_corners, nicolae_vaults_statue_guard, v_alt_pattern_3,
          hangedman_vaults_impose, vaults_room_ringed_pool,
          nicolae_vaults_house_2, nicolae_vaults_yaktaur_gun_rack,
          nicolae_vaults_sesquioval_fish, layout_vaults_big_room
Vaults:5
Depths:1: layout_honeycomb, hell_entry, kennysheep_doodads,
          nicolae_two_hexagons, nicolae_hepliaklqana_hippocampus, firewood_loft,
          uniq_saint_roka
Depths:2: minmay_heptahexagon, layout_cave_pools, enter_ziggurat_b,
          pf_hell_entry_tar_spiral, pan_entry,
          nicolae_concentric_dashed_squares_wild, infiniplex_staircase_pool_2,
          uniq_norris, uniq_josephina
Depths:3: grunt_deathspiral_small, layout_cave_pools, nrook_mini_backslash,
          pf_coc_iceberg, abyss_entry, minmay_crystal_water
Depths:4: grunt_zot_entry_alcove, layout_basic, grunt_mini_vestibule,
          roderic_lattice_octagonal_star, uniq_frederick
Zot:1:    regret_index_zot_pan_timeshare, layout_cellular_growth
Zot:2:    layout_misc_corridors, hellmonk_formless_pools
Zot:3:    layout_gridlike, uniq_vv
Zot:4:    layout_cathedral_of_symmetry, skrybe_zot_glass_2

Skill      XL: |  1  2  3  4  5  6  7  8  9 10 11 12 13 14 15 16 17 18 19 20 21 22 23 24 25 26 27 |
---------------+----------------------------------------------------------------------------------+-----
Ranged Weapons | 4 5 6 7 8 9 11 12 13 14 18 | 18.0
Evocations     | 1 5 8 |  8.5
Shapeshifting  | 1 5 7 |  7.0
Invocations    | 2 7 10 11 12 13 14 15 16 | 16.3
Dodging        | 7 11 14 16 18 19 21 | 21.3
Fighting       | 6 9 11 13 14 15 17 | 17.1
Translocations | 5 9 12 14 16 18 20 21 | 21.9
Spellcasting   | 4 8 10 12 14 15 17 18 | 18.7
Stealth        | |  0.7

Action                     |  1- 3 |  4- 6 |  7- 9 | 10-12 | 13-15 | 16-18 | 19-21 | 22-24 | 25-27 || total
---------------------------+-------+-------+-------+-------+-------+-------+-------+-------+-------++-------
  Melee: Hand cannon       |       |       |       |       |       |       |       |       |     2 ||     2
   Fire: Sling             |   182 |   334 |   376 |   890 |  1870 |  2182 |  1065 |   611 |       ||  7510
         Arbalest          |       |       |       |       |       |       |   343 |       |       ||   343
         Hand cannon       |       |       |       |       |       |       |   377 |  1417 |  2074 ||  3868
  Throw: Dart              |       |       |       |     1 |     6 |       |       |       |       ||     7
 Invoke: Ancestor Life: Ba |       |       |     1 |       |       |       |       |       |       ||     1
         Ancestor Identity |       |       |     1 |       |       |       |       |       |       ||     1
         Recall Ancestor   |       |       |       |     1 |     5 |     7 |     3 |     1 |    11 ||    28
         Idealise          |       |       |       |     1 |     9 |     7 |     8 |     7 |    11 ||    43
         Transference      |       |       |       |       |       |       |       |       |     1 ||     1
Ability: Invent Gizmo      |       |       |       |       |     1 |       |       |       |       ||     1
  Evoke: Phantom mirror    |       |       |       |       |       |       |       |       |     1 ||     1
    Use: Scroll            |     7 |     2 |     6 |    15 |    13 |     9 |    14 |    17 |     9 ||    92
         Potion            |       |       |       |       |     4 |     9 |     8 |     2 |     3 ||    26
 Armour: Leather armour    |    17 |    33 |    17 |    76 |    35 |       |       |       |       ||   178
         Robe              |       |       |       |       |    77 |   123 |   105 |   138 |   216 ||   659
         Skin              |       |       |       |       |    19 |       |       |       |       ||    19
  Dodge: Dodged            |    17 |    39 |     8 |    56 |   146 |   167 |   191 |   239 |   507 ||  1370
   Form: Beast             |       |       |     1 |       |       |       |       |       |       ||     1
                           |       |       |       |       |       |       |     1 |       |       ||     1

Table legend: (Time is in decaauts)
 A = Elapsed time spent in this place.
 B = Non-inter-level travel time spent in this place.
 C = Inter-level travel time spent in this place.
 D = Time resting spent in this place.
 E = Time spent auto-exploring this place.
 F = Levels seen in this place.
 G = Mean time per level.
                   A        B        C        D        E       F      G
               +--------+--------+--------+--------+--------+-----+--------+
         Total |  65235 |  57659 |   7576 |  10804 |  36760 |  59 | 1105.7 |
       Dungeon |  18016 |  15124 |   2892 |   2347 |  10656 |  15 | 1201.1 |
        Temple |     38 |      2 |     36 |      0 |      0 |   1 |   38.0 |
          Lair |   5845 |   5339 |    506 |    991 |   3425 |   5 | 1169.0 |
         Swamp |   4871 |   4667 |    204 |   1533 |   2501 |   4 | 1217.8 |
     Snake Pit |   6194 |   5787 |    407 |   1998 |   2983 |   4 | 1548.5 |
    Slime Pits |   4358 |   3659 |    699 |    976 |   2180 |   5 |  871.6 |
  Orcish Mines |   1581 |   1290 |    291 |    164 |    884 |   2 |  790.5 |
   Elven Halls |   4960 |   4365 |    595 |    895 |   2528 |   3 | 1653.3 |
        Vaults |   9082 |   7935 |   1147 |    862 |   5597 |   5 | 1816.4 |
        Depths |   5857 |   5287 |    570 |    723 |   3706 |   4 | 1464.2 |
           Zot |   2764 |   2537 |    227 |    112 |   1961 |   4 |  691.0 |
         Abyss |    856 |    856 |      0 |      4 |     32 |   4 |  214.0 |
        Bazaar |     69 |     69 |      0 |      0 |     14 |   1 |   69.0 |
        Bailey |    356 |    356 |      0 |    181 |     47 |   1 |  356.0 |
       Volcano |    381 |    381 |      0 |     13 |    244 |   1 |  381.0 |
               +--------+--------+--------+--------+--------+-----+--------+

Top non-repeatable levels by time:
Vaults:3: 2542 daAuts
 Snake:4: 2164 daAuts
 Snake:3: 1970 daAuts
  Lair:4: 1953 daAuts
   Elf:1: 1901 daAuts
    D:14: 1833 daAuts
Vaults:1: 1776 daAuts
   Elf:3: 1731 daAuts
     D:9: 1730 daAuts
    D:12: 1700 daAuts
Depths:1: 1668 daAuts
Vaults:2: 1632 daAuts
Vaults:5: 1574 daAuts
Vaults:4: 1555 daAuts
 Swamp:4: 1492 daAuts
